 Seeded DCSS version 0.24.0-41-g2ae2f7f1be (console) character file.

Game seed: 93891015573, levelgen mode: deterministic

158498 Kagalorn the Fencer (level 18, -2/140 HPs)
             Began as a Human Hunter on Dec 10, 2019.
             Was the Champion of Okawaru.
             Slain by an anaconda (12 damage)
             ... on level 4 of the Snake Pit on Dec 11, 2019.
             The game lasted 02:00:37 (35789 turns).

Kagalorn the Fencer (Human Hunter)                 Turns: 35789, Time: 02:00:37

Health: -2/140     AC: 16    Str: 19    XL:     18   Next: 35%
Magic:  24/24      EV: 14    Int: 13    God:    Okawaru [******]
Gold:   2757       SH: 15    Dex: 14    Spells: 17/17 levels left

rFire    . . .     SeeInvis +   a - +7 Singing Sword {slice, sonic wave}
rCold    + . .     Gourm    .   W - +2 shield {reflect}
rNeg     . . .     Faith    .   F - +3 ring mail {rC+}
rPois    +         Spirit   .   m - +0 helmet
rElec    .         Reflect  +   O - +2 cloak
rCorr    .         Harm     .   Y - +0 pair of gloves {archery}
MR       ++...                  (no boots)
Stlth    +.........             R - amulet of the acrobat
HPRegen  0.33/turn              Q - ring of the Original Sin {MR+ SInv}
MPRegen  0.19/turn              q - ring of poison resistance

@: acrobat, very slightly contaminated, constricted
A: deterioration 1
a: Heroism, Finesse, Renounce Religion


You were on level 4 of the Snake Pit.
You worshipped Okawaru.
Okawaru was exalted by your worship.
You were near starving.

You visited 5 branches of the dungeon, and saw 28 of its levels.
You also visited: Ice Cave.

You collected 2941 gold pieces.
You spent 184 gold pieces at shops.

Inventory:

Hand Weapons
 a - the +7 Singing Sword (weapon) {slice, sonic wave}
   (You found it on level 8 of the Dungeon)

   It inflicts extra damage upon your enemies.
Missiles
 d - 4 throwing nets
 o - 35 silver javelins
 T - 15 javelins (quivered)
Armour
 m - a +0 helmet (worn)
 F - a +3 ring mail of cold resistance (worn)
 O - a +2 cloak (worn)
 W - a +2 shield of reflection (worn)
 Y - a +0 pair of gloves of archery (worn)
Jewellery
 b - an uncursed amulet of guardian spirit
 c - an uncursed ring of wizardry
 i - an uncursed ring of resist corrosion
 q - a ring of poison resistance (right hand)
 v - a +6 ring of evasion
 E - the ring of Wielij {rF+ SInv}
   (You found it on level 5 of the Dungeon)

   [ring of protection from fire]

   It protects you from fire.
   It lets you see invisible.
 K - an uncursed ring of protection from cold
 Q - the ring of the Original Sin (left hand) {MR+ SInv}
   (You found it on level 1 of the Lair of Beasts)

   [ring of see invisible]

   It affects your resistance to hostile enchantments.
   It lets you see invisible.
 R - an amulet of the acrobat (around neck)
 S - an uncursed ring of protection from magic
 Z - an uncursed ring of fire
Wands
 t - a wand of flame (54)
 y - a wand of paralysis (7)
 G - a wand of acid (5)
 I - a wand of iceblast (2)
 P - a wand of digging (8)
 X - a wand of clouds (6)
Scrolls
 e - 2 scrolls of fear
 h - 2 scrolls of brand weapon
 k - 17 scrolls of remove curse
 l - 5 scrolls of enchant weapon
 n - 5 scrolls of magic mapping
 r - a scroll of blinking
 s - 6 scrolls of amnesia
 u - 7 scrolls of teleportation
 z - 4 scrolls of fog
 A - 3 scrolls of holy word
 J - 9 scrolls of enchant armour
 L - a scroll of summoning
Potions
 g - 3 potions of agility
 j - 4 potions of haste
 p - 7 potions of flight
 w - a potion of berserk rage
 x - 3 potions of curing
 B - a potion of ambrosia
 C - 2 potions of mutation
 D - a potion of magic
 H - a potion of invisibility
 M - 3 potions of lignification
 N - 5 potions of brilliance
 U - 3 potions of might
 V - 2 potions of cancellation
Comestibles
 f - 31 rations


   Skills:
 - Level 12.0 Fighting
 - Level 16.0 Long Blades
 * Level 12.8 Throwing
 - Level 10.0 Armour
 - Level 10.0 Dodging
 - Level 1.0 Stealth
 * Level 14.2 Shields
 - Level 8.0 Invocations


You had 17 spell levels left.
You didn't know any spells.
Your spell library contained the following spells:

 Spells                   Type           Power        Failure   Level  Hunger
 Beastly Appendage        Tmut           #.....       47%         1    ##.....
 Confusing Touch          Hex            #.....       47%         1    ##.....
 Corona                   Hex            #......      47%         1    ##.....
 Summon Small Mammal      Summ           #...         47%         1    ##.....
 Call Imp                 Summ           #.......     63%         2    ###....
 Ensorcelled Hibernation  Hex/Ice        #.....       63%         2    ###....
 Slow                     Hex            #.......     63%         2    ###....
 Sticks to Snakes         Tmut           #.......     63%         2    ###....
 Sublimation of Blood     Necr           #.........   63%         2    ###....
 Call Canine Familiar     Summ           #.......     85%         3    ####...
 Confuse                  Hex            #.......     85%         3    ####...
 Dazzling Spray           Conj/Hex       #.....       85%         3    ####...
 Gell's Gravitas          Tloc           #.........   85%         3    ####...
 Ignite Poison            Fire/Tmut/Pois #.......     85%         3    ####...
 Inner Flame              Hex/Fire       #.......     85%         3    ####...
 Portal Projectile        Hex/Tloc       #.....       85%         3    ####...
 Recall                   Summ/Tloc      N/A          85%         3    ####...
 Spider Form              Tmut/Pois      #.........   85%         3    ####...
 Summon Guardian Golem    Hex/Summ       #.......     85%         3    ####...
 Tukima's Dance           Hex            #.......     85%         3    ####...
 Cause Fear               Hex            #.........   99%         4    #####..
 Ice Form                 Ice/Tmut       #.......     99%         4    #####..
 Leda's Liquefaction      Hex/Erth       #.........   99%         4    #####..
 Petrify                  Tmut/Erth      #.......     99%         4    #####..
 Summon Ice Beast         Ice/Summ       #.......     99%         4    #####..
 Summon Lightning Spire   Summ/Air       #.......     99%         4    #####..
 Alistair's Intoxication  Tmut/Pois      #.......     100%        5    ######.
 Aura of Abjuration       Summ           #.........   100%        5    ######.
 Blade Hands              Tmut           #.........   100%        5    ######.
 Irradiate                Conj/Tmut      #.........   100%        5    ######.
 Metabolic Englaciation   Hex/Ice        #.........   100%        5    ######.
 Summon Demon             Summ           #.........   100%        5    ######.
 Summon Forest            Summ/Tloc      #.........   100%        5    ######.
 Summon Mana Viper        Hex/Summ       #.......     100%        5    ######.
 Yara's Violent Unravell  Hex/Tmut       #.........   100%        5    ######.
 Bolt of Cold             Conj/Ice       #.........   100%        6    #######
 Freezing Cloud           Conj/Ice/Air   #.........   100%        6    #######
 Hydra Form               Tmut           #.........   100%        6    #######
 Ozocubu's Refrigeration  Ice            #.........   100%        6    #######
 Shadow Creatures         Summ           N/A          100%        6    #######
 Simulacrum               Ice/Necr       #.........   100%        6    #######
 Statue Form              Tmut/Erth      #........    100%        6    #######
 Dragon Form              Tmut           #.........   100%        7    #######


Dungeon Overview and Level Annotations

Branches:
Dungeon (15/15)            Temple (1/1) D:5            Lair (6/6) D:11
 Shoals (0/4) Lair:3        Snake (4/4) Lair:2        Slime (0/5) Lair:5
    Orc (2/2) D:10            Elf (0/3) Orc:2        Vaults (0/5) D:14
 Depths (0/5) D:15          IceCv (visited)

Altars:
Ashenzari
Cheibriados
Dithmenos
Elyvilon
Fedhas
Gozag
Hepliaklqana
Kikubaaqudgha
Makhleb
Nemelex Xobeh
Okawaru
Qazlal
Ru
Sif Muna
Trog
Uskayaw
Vehumet
Wu Jian
Xom
Yredelemnul
Zin
The Shining One
Lugonu

Shops:
D:6 !   D:7 [   D:11 }[=   D:12 :   Orc:1 }   Orc:2 ??*}

Portals:
Hell: Lair:6
Trove: D:14 (give 2 scrolls of acquirement)

Annotations:
Snake:4 1 transporter, exclusion: door, FishyPogo's ghost, adept GnVM


Innate Abilities, Weirdness & Mutations

Your body sometimes deteriorates upon taking damage.


Message History

Unknown command.
Unknown command.
Okay, then.
Unknown command.
Press: ? - help, v - describe, . - travel
Here: a naga ritualist, wielding a +0 dagger of venom and wearing a +0 robe (severely wounded)
The floor, spattered with blood.
Unknown command.
Unknown command.
Unknown command.
Blink to where?
Press: ? - help, Dir - move target cursor You escape the anaconda's grasp.
You are very lightly contaminated with residual magic.
As you read the scroll of blinking, it crumbles to dust.
* * * LOW HITPOINT WARNING * * *
You feel sick.
You feel better. The anaconda grabs you. The anaconda bites you!
You die...

,,,,,,,,,,,,,,,*##.......##..##..
,,,,,,,,,......##........##......
......................##.........
.......................#.........
.................................
.................................
.................................
....)....N.......................
.....†.........S@....<..........#
.....§.........S.................
.....(...........^.............##
...............................##
..........#..............#.....##
..........#..††.....#....##......
....................#...........#
.........#####.........####.....#
.......###NWN###.......####.....#


You could see an anaconda, a naga ritualist and a black mamba.

Vanquished Creatures
  A nagaraja (Snake:1)
  Louise (D:14)
  2 stone giants
  Nessos (D:12)
  2 blizzard demons (IceCv)
  An ettin (D:10)
  The ghost of Cogg the Martial Artist, a journeyman GnTm of Cheibriados (D:13)
  A fire dragon (Lair:1)
  Snorg (Lair:4)
  The ghost of Purph the Cleaver, a journeyman MiBe of Trog (Lair:1)
  4 vault guards (D:14)
  8 naga warriors
  6 hydras
  A catoblepas (D:15)
  11 anacondas
  A centaur warrior (D:15)
  8 two-headed ogres
  An ogre mage (D:15)
  2 tengu warriors
  3 shock serpents
  3 orc high priests (Orc:2)
  A sun demon (Lair:6)
  Nergalle (D:12)
  A fire crab (Lair:6)
  8 naga sharpshooters
  3 salamander mystics (Snake:2)
  6 naga ritualists
  3 unseen horrors
  Pikel (D:5)
  5 wizards
  A spectral wolf spider (D:13)
  6 orc knights
  2 wolf spider zombies
  7 mana vipers
  2 oklob plants
  8 salamanders
  5 orc sorcerers
  An ugly thing (D:11)
  A cyclops (D:12)
  4 spectral centaurs (D:13)
  2 manticores
  2 centaur zombies (D:13)
  Joseph (D:7)
  17 elephants
  39 black mambas
  15 spiny frogs
  2 orange demons (Lair:6)
  13 naga magi
  4 gargoyles
  3 ice statues (IceCv)
  4 guardian serpents
  A yaktaur (D:14)
  12 ice devils
  2 kobold demonologists
  2 komodo dragons
  4 rime drakes (Lair:6)
  A hellwing (Lair:6)
  2 anaconda simulacra (IceCv)
  3 red devils (Lair:6)
  2 tengu conjurers (D:15)
  A polar bear (Lair:2)
  9 meliai
  A queen bee (Lair:4)
  7 trolls
  A wolf spider simulacrum (D:13)
  10 slime creatures
  2 hornets (D:14)
  4 hippogriffs
  4 dream sheep (Lair:6)
  A centaur simulacrum (D:13)
  10 blink frogs
  63 yaks
  2 shadows
  2 wyverns
  3 dire elephant simulacra (IceCv)
  A wraith (D:13)
  3 basilisks
  18 humans (D:14)
  13 vampire mosquitoes
  4 wargs (Orc:1)
  31 nagas
  2 harpy simulacra (IceCv)
  An iron troll simulacrum (IceCv)
  3 hell hounds (Lair:6)
  2 hydra simulacra (IceCv)
  27 orc warriors
  12 porcupines
  A hornet zombie (D:12)
  15 water moccasins
  5 black bears
  3 ice beasts
  3 sky beasts
  An eye of draining (D:12)
  2 phantoms
  A necrophage (D:12)
  7 ogres
  6 wolves (Lair:1)
  17 centaurs
  14 crocodiles
  5 big kobolds
  Blork the orc (D:5)
  A wyvern zombie (D:9)
  17 bullfrogs
  9 scorpions
  A water moccasin skeleton (D:6)
  33 killer bees
  5 wights (D:10)
  An electric eel (Lair:2)
  4 howler monkeys
  5 crimson imps
  A bullfrog zombie (D:9)
  2 centaur skeletons
  3 hounds
  8 jellies
  22 orc priests
  21 orc wizards
  3 bullfrog skeletons
  2 iguanas
  9 worker ants
  2 hell rats (Lair:4)
  A killer bee zombie (D:5)
  A hound zombie (D:9)
  A hound skeleton (D:7)
  Robin (D:2)
  A howler monkey zombie (D:8)
  A worker ant zombie (D:9)
  13 gnolls
  2 river rats (Lair:4)
  16 adders
  2 shadow imps
  10 oozes
  2 adder skeletons (D:8)
  6 worms
  4 dart slugs
  4 leopard geckos
  97 orcs
  A ball python (Lair:2)
  9 giant cockroaches
  11 goblins
  18 hobgoblins
  10 jackals
  5 quokkas
  19 bats
  7 frilled lizards
  24 kobolds
  A leopard gecko skeleton (D:5)
  11 rats
  13 fungi
  12 plants
1027 creatures vanquished.

Vanquished Creatures (others)
  A centaur warrior (D:15)
  2 naga sharpshooters (Snake:3)
  2 slaves (D:5)
  A centaur (D:15)
  An orc wizard (Orc:2)
  A gnoll (D:5)
  A giant cockroach (D:3)
  19 fungi
  12 plants
40 creatures vanquished.

Grand Total: 1067 creatures vanquished

Notes
Turn   | Place    | Note
-------+----------+-------------------------------------------
     0 | D:1      | Kagalorn the Human Hunter began the quest for the Orb.
     0 | D:1      | Reached XP level 1. HP: 16/16 MP: 1/1
   256 | D:1      | Reached XP level 2. HP: 22/22 MP: 2/2
   534 | D:1      | Reached XP level 3. HP: 15/27 MP: 3/3
   989 | D:2      | Reached skill level 5 in Throwing
   997 | D:2      | Reached XP level 4. HP: 14/33 MP: 4/4
  1702 | D:2      | Noticed Robin
  1707 | D:2      | Reached XP level 5. HP: 36/38 MP: 5/5
  1726 | D:2      | Killed Robin
  1846 | D:2      | Found a faded altar of an unknown god.
  2575 | D:3      | Found a shadowy altar of Dithmenos.
  2735 | D:3      | Found an ancient bone altar of Kikubaaqudgha.
  2887 | D:3      | Reached XP level 6. HP: 44/44 MP: 6/6
  2959 | D:3      | Found a bloodstained altar of Trog.
  3282 | D:3      | Found a radiant altar of Vehumet.
  3511 | D:3      | You fall into a shaft and drop 3 floors!
  3538 | D:5      | Entered Level 5 of the Dungeon
  3543 | D:5      | Noticed Blork the orc
  3552 | D:5      | Killed Blork the orc
  3617 | D:5      | Noticed an ogre
  3635 | D:5      | Killed an ogre
  3635 | D:5      | Reached XP level 7. HP: 40/50 MP: 7/7
  3959 | D:5      | Found a blossoming altar of Fedhas.
  3965 | D:5      | Found a staircase to the Ecumenical Temple.
  3974 | Temple   | Entered the Ecumenical Temple
  4012 | Temple   | Became a worshipper of Warmaster Okawaru
  4033 | D:5      | Got a brightly glowing bone ring
  4034 | D:5      | Identified the ring of Wielij {rF+ SInv} (You found it on
                  | level 5 of the Dungeon)
  4781 | D:5      | Found a burning altar of Makhleb.
  4845 | D:5      | Noticed Pikel
  4868 | D:5      | Killed Pikel
  4868 | D:5      | Reached * piety under Okawaru
  4868 | D:5      | Reached skill level 10 in Throwing
  4868 | D:5      | Reached skill level 1 in Invocations
  4868 | D:5      | Reached XP level 8. HP: 56/56 MP: 7/9
  5307 | D:5      | Found a shimmering altar of Xom.
  5581 | D:4      | Found a hide-covered altar of Uskayaw.
  5793 | D:4      | Noticed a -2 hand axe
  5794 | D:4      | Noticed a +0 dagger
  6325 | D:6      | Reached skill level 1 in Armour
  6598 | D:6      | Found an ornate altar of the Wu Jian Council.
  6815 | D:6      | Reached skill level 1 in Long Blades
  6815 | D:6      | Reached XP level 9. HP: 29/62 MP: 10/10
  7189 | D:7      | Found a white marble altar of Elyvilon.
  7261 | D:7      | Found Tauguuhicw's Antique Armour Shoppe.
  7420 | D:7      | Reached skill level 2 in Long Blades
  7466 | D:7      | Reached ** piety under Okawaru
  7762 | D:7      | Noticed Joseph
  7930 | D:6      | Reached skill level 3 in Long Blades
  8362 | D:6      | Found Ucwymifa's Distillery.
  8427 | D:6      | Bought a potion of lignification for 42 gold pieces
  8983 | D:7      | Reached skill level 4 in Long Blades
  8997 | D:7      | Found a hazy altar of Hepliaklqana.
  9276 | D:7      | Killed Joseph
  9276 | D:7      | Reached skill level 5 in Long Blades
  9276 | D:7      | Reached XP level 10. HP: 71/71 MP: 10/12
  9633 | D:8      | Found a shimmering blue altar of Sif Muna.
  9716 | D:8      | Reached skill level 6 in Long Blades
 10149 | D:8      | Noticed a two-headed ogre
 10194 | D:8      | Killed a two-headed ogre
 10194 | D:8      | Reached *** piety under Okawaru
 10194 | D:8      | Received a gift from Okawaru
 10194 | D:8      | Reached skill level 7 in Long Blades
 10647 | D:8      | Reached skill level 5 in Armour
 11208 | D:8      | Found a basalt altar of Yredelemnul.
 11214 | D:8      | Found a sparkling altar of Nemelex Xobeh.
 11214 | D:8      | Found a glowing golden altar of the Shining One.
 11474 | D:8      | Reached skill level 5 in Fighting
 11498 | D:8      | Found the +7 Singing Sword {slice, sonic wave}
 11571 | D:9      | Reached skill level 8 in Long Blades
 11574 | D:9      | Reached XP level 11. HP: 76/79 MP: 14/14
 11790 | D:9      | Found a glowing silver altar of Zin.
 11905 | D:9      | Noticed a two-headed ogre
 11923 | D:9      | Killed a two-headed ogre
 11923 | D:9      | Reached **** piety under Okawaru
 11923 | D:9      | Received a gift from Okawaru
 11923 | D:9      | Reached skill level 9 in Long Blades
 11923 | D:9      | Reached skill level 5 in Invocations
 12109 | D:10     | Entered Level 10 of the Dungeon
 12294 | D:10     | Reached skill level 10 in Long Blades
 12530 | D:10     | Received a gift from Okawaru
 12850 | D:10     | Found a staircase to the Orcish Mines.
 13129 | D:11     | Found Ziokhly's Gadget Shop.
 13175 | D:11     | Reached skill level 11 in Long Blades
 13176 | D:11     | Noticed a two-headed ogre
 13185 | D:11     | Killed a two-headed ogre
 13185 | D:11     | Received a gift from Okawaru
 13509 | D:11     | Noticed a manticore
 13513 | D:11     | Killed a manticore
 13513 | D:11     | Received a gift from Okawaru
 13545 | D:11     | Reached XP level 12. HP: 41/86 MP: 16/16
 13838 | D:11     | Found Conwiudd's Antique Armour Boutique.
 13868 | D:11     | Found Issul's Jewellery Emporium.
 13871 | D:11     | Reached skill level 12 in Long Blades
 14085 | D:11     | Reached ***** piety under Okawaru
 14111 | D:11     | Found a staircase to the Lair.
 14248 | D:12     | Reached skill level 13 in Long Blades
 14351 | D:12     | Received a gift from Okawaru
 14401 | D:12     | Noticed a two-headed ogre
 14403 | D:12     | Noticed Nergalle
 14414 | D:12     | Noticed an unseen horror
 14434 | D:12     | Killed a two-headed ogre
 14434 | D:12     | Received a gift from Okawaru
 14440 | D:12     | Killed Nergalle
 14441 | D:12     | Killed an unseen horror
 14464 | D:12     | Noticed Nessos
 14472 | D:12     | Killed Nessos
 14472 | D:12     | Received a gift from Okawaru
 14472 | D:12     | Reached skill level 14 in Long Blades
 14698 | D:12     | Noticed an unseen horror
 14713 | D:12     | Killed an unseen horror
 14713 | D:12     | Received a gift from Okawaru
 14727 | D:12     | Found Xoobb's Book Boutique.
 15072 | D:13     | Reached XP level 13. HP: 87/91 MP: 18/18
 15232 | D:13     | Found a runed translucent gate.
 15233 | D:13     | Found a runed translucent gate.
 15233 | D:13     | Found a runed translucent gate.
 15236 | D:13     | Noticed Cogg's ghost (journeyman GnTm)
 15826 | D:13     | Noticed an eight-headed hydra
 15935 | Lair:1   | Entered Level 1 of the Lair of Beasts
 16192 | Lair:1   | Reached skill level 15 in Long Blades
 16253 | Lair:1   | Noticed a seven-headed hydra
 16306 | Lair:1   | Killed a seven-headed hydra
 16306 | Lair:1   | Received a gift from Okawaru
 16325 | Lair:1   | Noticed an eight-headed hydra
 16329 | Lair:1   | Killed an eight-headed hydra
 16329 | Lair:1   | Received a gift from Okawaru
 16355 | Lair:1   | Noticed a fire dragon
 16367 | Lair:1   | Killed a fire dragon
 16386 | Lair:1   | Got a slimy granite ring
 16724 | Lair:1   | Found a runed translucent door.
 16729 | Lair:1   | Noticed Purph's ghost (journeyman MiBe)
 17117 | Lair:2   | Identified the ring of the Original Sin {MR+ SInv} (You
                  | found it on level 1 of the Lair of Beasts)
 17122 | Lair:2   | Noticed a seven-headed hydra
 17130 | Lair:2   | Killed a seven-headed hydra
 17181 | Lair:2   | Received a gift from Okawaru
 17357 | Lair:2   | Found a staircase to the Snake Pit.
 17528 | Lair:2   | Noticed a five-headed hydra
 17537 | Lair:2   | Killed a five-headed hydra
 18312 | Lair:3   | Received a gift from Okawaru
 18392 | Lair:3   | Reached XP level 14. HP: 56/100 MP: 10/19
 18711 | Lair:3   | Found a staircase to the Shoals.
 19513 | Lair:4   | Reached skill level 16 in Long Blades
 19584 | Lair:4   | Noticed Snorg
 19595 | Lair:4   | Killed Snorg
 19855 | Lair:4   | Reached skill level 5 in Dodging
 20408 | Lair:5   | Found a staircase to the Slime Pits.
 21250 | Lair:6   | Entered Level 6 of the Lair of Beasts
 21258 | Lair:6   | Received a gift from Okawaru
 21747 | Lair:6   | Received a gift from Okawaru
 21757 | Lair:6   | Reached skill level 10 in Armour
 22179 | Lair:6   | Reached XP level 15. HP: 95/112 MP: 21/21
 22808 | Lair:6   | Found a burning altar of Makhleb.
 22950 | Lair:6   | Reached skill level 10 in Fighting
 22997 | Lair:6   | Found a gateway to Hell.
 23229 | Lair:1   | Killed Purph's ghost
 23543 | D:13     | Killed Cogg's ghost
 23543 | D:13     | Received a gift from Okawaru
 23789 | D:14     | Received a gift from Okawaru
 23912 | D:14     | Found a gate to the Vaults.
 23928 | D:14     | Reached skill level 10 in Dodging
 23941 | D:14     | Reached ****** piety under Okawaru
 24238 | D:14     | Noticed Louise
 24254 | D:14     | Killed Louise
 24531 | D:14     | Reached XP level 16. HP: 116/124 MP: 22/22
 24907 | D:14     | Found a stormy altar of Qazlal.
 25006 | D:14     | Found a portal to a secret trove of treasure.
 25152 | D:15     | Entered Level 15 of the Dungeon
 25327 | D:15     | Reached skill level 1 in Shields
 25464 | D:15     | Received a gift from Okawaru
 25880 | D:15     | Found a staircase to the Depths.
 26416 | Orc:1    | Entered Level 1 of the Orcish Mines
 26963 | Orc:1    | Found Ziowk's Gadget Emporium.
 27120 | Orc:2    | Entered Level 2 of the Orcish Mines
 27137 | Orc:2    | Reached skill level 5 in Shields
 27464 | Orc:2    | Found a staircase to the Elven Halls.
 27850 | Orc:2    | Gained mutation: Your body sometimes deteriorates upon
                  | taking damage. [a neqoxec]
 28063 | Orc:2    | Found Nairal's Gadget Shop.
 28063 | Orc:2    | Found Pearaiz's General Store.
 28068 | Orc:2    | Found Ragguefu's Magic Scroll Shop.
 28068 | Orc:2    | Found Kymunary's Magic Scroll Emporium.
 28076 | Orc:2    | Bought a scroll of blinking for 112 gold pieces
 28078 | Orc:2    | Bought a scroll of fog for 30 gold pieces
 28116 | Orc:1    | Received a gift from Okawaru
 28356 | Snake:1  | Entered Level 1 of the Snake Pit
 28451 | Snake:1  | Found a shimmering altar of Xom.
 28452 | Snake:1  | Found a frozen archway.
 28543 | IceCv    | Entered an ice cave
 28815 | IceCv    | Reached XP level 17. HP: 92/133 MP: 23/23
 29314 | IceCv    | Received a gift from Okawaru
 29340 | IceCv    | Got an ancient falchion {god gift}
 29342 | IceCv    | Identified the +4 falchion of Diet Blood {protect, MP+9
                  | Dex+3 Stlth-} (Okawaru gifted it to you in an ice cave)
 29363 | IceCv    | Got a wizard robe
 29364 | IceCv    | Identified the +2 robe of the King of the Hill {rPois
                  | rCorr} (You found it in an ice cave)
 30190 | Snake:1  | Reached skill level 10 in Shields
 31447 | Snake:2  | Received a gift from Okawaru
 33697 | Snake:2  | Received a gift from Okawaru
 33891 | Snake:2  | Reached XP level 18. HP: 132/140 MP: 24/24
 34217 | Snake:2  | You fall into a shaft and drop 1 floor!
 34253 | Snake:3  | Received a gift from Okawaru
 35267 | Snake:3  | Received a gift from Okawaru
 35686 | Snake:4  | Entered Level 4 of the Snake Pit
 35761 | Snake:4  | Identified the +9 war axe of Rogi {freeze, *Rage rPois
                  | Int+6 Dex-3}
 35762 | Snake:4  | Noticed FishyPogo's ghost (adept GnVM)
 35762 | Snake:4  | Found a bloodstained altar of Trog.
 35762 | Snake:4  | Found a transporter.
 35774 | Snake:4  | Received a gift from Okawaru
 35783 | Snake:4  | HP: 4/140 [anaconda (12)]
 35783 | Snake:4  | HP: 1/140 [anaconda (3)]
 35789 | Snake:4  | Slain by an anaconda

Levels and vault maps discovered:
D:1:      minmay_arrival_four_houses, layout_loops_ring,
          hangedman_feature_mirror
D:2:      layout_loops_ring, chequers_ecumenical_altar_simple, uniq_robin
D:3:      layout_loops_corners, fiery_altar_vehumet, lemuel_round_altar,
          kiku_gazebo_garden_becter, lemuel_coloured_pillars_altar, first_ration
D:4:      layout_rooms, dancing_weapons_uskayaw, serial_forest,
          infiniplex_forest_zigzag_2, infiniplex_forest_clump_small,
          infiniplex_forest_clump_medium, infiniplex_forest_zigzag_1,
          infiniplex_forest_clump_double
D:5:      layout_basic, lemuel_crystal_altar, kennysheep_mini,
          minmay_temple_entry_mini_moons, basic_altar, uniq_blork_the_orc,
          uniq_pikel
D:6:      layout_loops_corners, lemuel_crystal_altar, serial_shops,
          shop_fountains, serial_rivers, chequers_serial_rivers_room_b,
          chequers_serial_rivers_micro_b, chequers_serial_rivers_micro_e,
          chequers_serial_rivers_micro_c
D:7:      layout_basic, lemuel_crystal_altar, elyvilon_altar_5, serial_shops,
          nicolae_shop_trees, uniq_joseph
D:8:      old_forge, layout_basic, grunt_temple_overflow_diamond,
          lemuel_doored_altar
D:9:      layout_big_octagon, zin_treasury
D:10:     layout_basic, orc_david_3
D:11:     layout_basic, grunt_lair_entry_orc_guard_hut, serial_shops, shop,
          shop_coins, shop
D:12:     layout_small_grid, serial_shops, nicolae_shop_crystal, uniq_nergalle,
          uniq_nessos
D:13:     layout_long_grid, gammafunk_ghost_necromancy
D:14:     layout_loops_ring, grunt_vaults_entry_tiered, serial_park_square3
          [serial_park_minivault_5x5_8], trove_entry_hex_spiral,
          hangedman_little_slice_of_home, minivault_16,
          nicolae_qazlal_general_emergency, uniq_louise
D:15:     grunt_enter_depths_magical_seal, layout_basic
Temple:   corrupted_temple
Lair:1:   dragon1_lemuel, layout_cave_pods, ebering_ghost_reflecting_pool
Lair:2:   layout_long_grid, minmay_snake_entry_six_corridors,
          gammafunk_lair_bear_cave, infiniplex_staircase_pool_2,
          minmay_lair_oklob_chamber
Lair:3:   layout_roguey, shoals_dummy_entry
Lair:4:   layout_roguey [special_room_bee], minivault_23,
          kennysheep_abandoned_house, infiniplex_staircase_pool, uniq_snorg
Lair:5:   layout_layer_cave, nicolae_slime_entry_slimehenge
Lair:6:   evil_forest, layout_long_grid
Snake:1:  layout_cave_shapes, basic_altar, portal_ice_cave_entry_pillars_1,
          st_stairs_1, grunt_megastairs_1
Snake:2:  layout_rooms, chequers_hall_statues_wall_a, serial_bayou_shore_b
Snake:3:  layout_gridlike
Snake:4:  johnstein_snake_rune_scales, layout_cave_shapes,
          gammafunk_ghost_wrathful_warriors, basic_altar, st_stairs_10,
          uniq_aizul, uniq_vashnia
Orc:1:    layout_caves, serial_shops, shop
Orc:2:    grunt_orc_tribal_feast, layout_caves, mines_bat_river

Skill      XL: |  1  2  3  4  5  6  7  8  9 10 11 12 13 14 15 16 17 18 |
---------------+-------------------------------------------------------+-----
Throwing       | 5 6 7 10 11 12 | 12.8
Invocations    | 1 2 3 4 5 6 7 8 |  8.0
Armour         | 1 4 5 7 10 | 10.0
Long Blades    | 1 5 8 11 14 15 16 | 16.0
Fighting       | 3 5 6 8 10 12 | 12.0
Dodging        | 4 6 10 | 10.0
Shields        | 8 13 14 | 14.2
Stealth        | |  1.0

Action                   |  1- 3 |  4- 6 |  7- 9 | 10-12 | 13-15 | 16-18 || total
-------------------------+-------+-------+-------+-------+-------+-------++-------
Melee: Short sword       |    73 |    96 |       |       |       |       ||   169
       Trident           |       |   127 |   245 |       |       |       ||   372
       Long sword        |       |       |   338 |   383 |       |       ||   721
       Punch             |       |       |     1 |     5 |     2 |       ||     8
       Double sword      |       |       |       |   258 |   616 |   767 ||  1641
       Flail             |       |       |       |       |    13 |       ||    13
 Fire: Hunting sling     |       |    74 |       |    11 |    11 |       ||    96
Throw: Dart              |     6 |       |    21 |    18 |       |       ||    45
       Javelin           |     4 |     2 |       |       |    65 |    19 ||    90
Invok: Heroism           |       |       |    11 |    21 |    17 |    19 ||    68
       Finesse           |       |       |       |       |       |     1 ||     1
 Abil: Evoke Berserk Rag |       |     5 |     7 |     2 |       |       ||    14
Evoke: Wand              |       |       |     3 |     2 |     2 |       ||     7
  Use: Scroll            |       |       |     8 |    10 |    11 |    10 ||    39
       Potion            |       |       |     2 |     1 |     1 |     2 ||     6
 Stab: Sleeping          |       |     4 |       |       |       |       ||     4
       Paralysed         |       |       |     6 |     5 |       |       ||    11
       Held in net/web   |       |       |       |     1 |       |       ||     1
  Eat: Chunk             |       |    12 |    13 |    19 |    22 |     5 ||    71
       Ration            |       |       |     4 |     1 |     2 |     9 ||    16
Armor: Leather armour    |    25 |    39 |       |       |       |       ||    64
       Scale mail        |       |    23 |    18 |       |       |       ||    41
       Chain mail        |       |       |   364 |   263 |   197 |       ||   824
       Skin              |       |       |       |    39 |       |       ||    39
       Ring mail         |       |       |       |       |    17 |   135 ||   152
       Plate armour      |       |       |       |       |       |    16 ||    16
Dodge: Dodged            |    39 |   139 |   275 |   293 |   519 |   426 ||  1691
Block: Shield            |       |       |       |       |    11 |   497 ||   508
       Reflection        |       |       |       |       |     1 |    56 ||    57
       Rpst.: Long sword |       |       |    59 |    44 |       |       ||   103
       Double sword      |       |       |       |    47 |   141 |    90 ||   278
